 Dungeon Crawl Stone Soup version 0.23.1-41-g7e51ed3 (webtiles) character file.

Game seed: 16453537018038097740

14286 esteth the Thaumaturge (level 12, -5/89 HPs)
             Began as a Gnoll Wizard on Mar 29, 2019.
             Was a Believer of Ashenzari.
             Slain by Gastronok (23 damage)
             ... on level 1 of the Lair of Beasts.
             The game lasted 00:39:43 (14936 turns).

esteth the Thaumaturge (Gnoll Wizard)              Turns: 14936, Time: 00:39:44

Health: -5/89      AC:  6    Str: 10    XL:     12   Next: 14%
Magic:  15/25      EV: 19    Int: 25    God:    Ashenzari [**....]
Gold:   831        SH:  0    Dex: 16    Spells: 13/30 levels left

rFire    + . .     SeeInvis .   v - +8 rapier "Muakk" {drain, Dex+2}
rCold    . . .     Gourm    .   (no shield)
rNeg     . . .     Faith    .   a - +0 robe
rPois    .         Spirit   .   K - +0 helmet (curse)
rElec    .         Reflect  .   l - +0 cloak (curse)
rCorr    .         Harm     .   M - +0 pair of gloves (curse)
MR       .....                  (no boots)
Stlth    ++++......             (no amulet)
HPRegen  0.24/turn              (no ring)
MPRegen  0.19/turn              (no ring)

@: no status effects
A: distributed training, fangs 1, blink, fire resistance 1, MP-powered wands,
strong nose
a: Blink, Curse Item, Scrying, Renounce Religion


You were on level 1 of the Lair of Beasts.
You worshipped Ashenzari.
Ashenzari was pleased with you.
You were not hungry.

You visited 3 branches of the dungeon, and saw 13 of its levels.
You also visited: Ice Cave.

You collected 831 gold pieces.

Inventory:

Hand Weapons
 k - a +0 club
 o - a +2 dagger of electrocution
 s - a +1 spear of venom
 v - the +8 rapier "Muakk" (weapon) {drain, Dex+2}
   (You found it on level 5 of the Dungeon)

   A truly terrible weapon, it drains the life of those it strikes.
   It affects your dexterity (+2).
 D - the +4 war axe of Othobruss {chop, Str+4}
   (You took it off a crimson imp on level 6 of the Dungeon)

   It inflicts extra damage upon your enemies.
   It affects your strength (+4).
Armour
 a - a +0 robe (worn)
 b - a +0 hat
 l - a cursed +0 cloak (worn)
 K - a cursed +0 helmet (worn)
 M - a cursed +0 pair of gloves (worn)
Jewellery
 I - an uncursed amulet of harm
Wands
 t - a wand of polymorph (8)
 A - a wand of iceblast (10)
 B - a wand of paralysis (4)
 L - a wand of acid (10)
 N - a wand of random effects (23)
 O - a wand of enslavement (12)
 P - a wand of flame (13)
Scrolls
 c - a scroll of fog
 f - 13 scrolls of identify {unknown}
 g - 2 scrolls of enchant weapon {unknown}
 h - 3 scrolls of enchant armour {unknown}
 i - 2 scrolls of immolation {unknown}
 j - 7 scrolls of teleportation
 m - a scroll of remove curse
 n - 3 scrolls of noise {unknown}
 p - 3 scrolls of random uselessness {unknown}
 u - 2 scrolls of magic mapping {unknown}
 y - 2 scrolls of fear {unknown}
 C - 4 scrolls of amnesia {unknown}
 E - a scroll of brand weapon {unknown}
 F - 2 scrolls of blinking {unknown}
 G - 2 scrolls of silence {unknown}
Potions
 q - 2 potions of agility {unknown}
 r - a potion of cancellation {unknown}
 w - 3 potions of mutation
 x - 2 potions of flight
 z - 2 potions of resistance
 H - a potion of invisibility {unknown}
 J - a potion of magic {unknown}
Comestibles
 d - 28 rations
 Q - 6 chunks of flesh


   Skills:
 + Level 6.9 Fighting
 + Level 6.9 Short Blades
 + Level 6.9 Long Blades
 + Level 6.9 Axes
 + Level 6.9 Maces & Flails
 + Level 6.9 Polearms
 + Level 6.9 Staves
 + Level 6.9 Slings
 + Level 6.9 Bows
 + Level 6.9 Crossbows
 + Level 6.9 Throwing
 + Level 6.9 Armour
 + Level 8.3(9.8) Dodging
 + Level 8.1(9.6) Stealth
 + Level 6.9 Shields
 + Level 6.9 Unarmed Combat
 + Level 9.9 Spellcasting
 + Level 6.1 Conjurations
 + Level 5.7 Hexes
 + Level 5.7 Charms
 + Level 6.1 Summonings
 + Level 5.7 Necromancy
 + Level 6.1 Translocations
 + Level 5.7 Transmutations
 + Level 5.7 Fire Magic
 + Level 5.7 Ice Magic
 + Level 5.7 Air Magic
 + Level 5.7 Earth Magic
 + Level 5.7 Poison Magic
 + Level 7.5 Invocations
 + Level 6.9 Evocations


You had 13 spell levels left.
You knew the following spells:

 Your Spells              Type           Power        Failure   Level  Hunger
a - Magic Dart            Conj           ####         1%          1    None
b - Blink                 Tloc           N/A          1%          2    None
c - Call Imp              Summ           #####...     1%          2    None
d - Conjure Flame         Conj/Fire      #####...     1%          3    None
e - Mephitic Cloud        Conj/Pois/Air  #####...     1%          3    None
f - Dazzling Spray        Conj/Hex       #####.       1%          3    None
g - Regeneration          Chrm/Necr      #####.....   1%          3    None

Your spell library contained the following spells:

 Spells                   Type           Power        Failure   Level  Hunger
 Animate Skeleton         Necr           N/A          1%          1    None
 Corona                   Hex            #####..      1%          1    None
 Pain                     Necr           ####         1%          1    None
 Ensorcelled Hibernation  Hex/Ice        #####.       1%          2    None
 Slow                     Hex            #####...     1%          2    None
 Confuse                  Hex            #####...     1%          3    None
 Recall                   Summ/Tloc      N/A          1%          3    None
 Tukima's Dance           Hex            #####...     1%          3    None
 Vampiric Draining        Necr           #####.....   1%          3    None
 Animate Dead             Necr           N/A          4%          4    #......
 Borgnjor's Vile Clutch   Necr/Erth      #####.....   13%         5    ####...
 Death Channel            Necr           #####.....   58%         6    ######.
 Simulacrum               Ice/Necr       #####.....   58%         6    ######.


Dungeon Overview and Level Annotations

Branches:
Dungeon (11/15)            Temple (1/1) D:4            Lair (1/6) D:11
    Orc (0/2) D:11

Altars:
Ashenzari
Cheibriados
Dithmenos
Elyvilon
Fedhas
Gozag
Hepliaklqana
Kikubaaqudgha
Makhleb
Nemelex Xobeh
Okawaru
Qazlal
Ru
Sif Muna
Trog
Uskayaw
Vehumet
Wu Jian
Xom
Yredelemnul
Zin
The Shining One

Shops:
D:4 ?   D:11 !

Annotations:
D:8 2 transporters, Borgoz's ghost, novice GrGl
Lair:1 Gastronok


Innate Abilities, Weirdness & Mutations

Your experience applies equally to all skills.
You have very sharp teeth.
Your uncanny sense of smell can sniff out nearby items.
You can translocate small distances at will.
Your flesh is heat resistant. (rF+)
You expend magic power (3 MP) to strengthen your wands.


Message History

Gastronok is engulfed in noxious fumes.
Gastronok bites you!!
You puncture Gastronok! You drain Gastronok.
You bite Gastronok, but do no damage.
Gastronok is severely wounded.
You hit Gastronok. You drain Gastronok. You bite Gastronok.
Gastronok is severely wounded.
Gastronok is engulfed in noxious fumes.
Gastronok bites you!!
* * * LOW HITPOINT WARNING * * *
You hit Gastronok. You drain Gastronok.
Gastronok is almost dead.
You hit Gastronok. You drain Gastronok.
Gastronok is almost dead.
Gastronok is engulfed in noxious fumes.
Gastronok casts a spell.
You feel better. The bat misses you. The bat barely misses you.
You hit Gastronok.
Gastronok is almost dead.
The bat closely misses you. The quokka barely misses you.
Gastronok is engulfed in noxious fumes.
Gastronok bites you!!
You die...

#..### *
** ##.# ,
, #..#
##.# *,
#..# ##.#
* #b# * ,
, ##.# *
#.@# , **
#w#r......
#°.
...####
##.,...#
#.*#### ##


You could see Gastronok, a quokka and a bat.

Vanquished Creatures
  Sonja (D:11)
  Pikel (D:7)
  2 ugly things
  A manticore (D:11)
  Maurice (D:10)
  Psyche (D:10)
  3 komodo dragons
  A spiny frog (Lair:1)
  2 polar bears (D:11)
  3 hippogriffs
  A shadow (D:8)
  2 wyverns
  12 yaks
  A vampire (D:11)
  3 hogs (D:9)
  A human (D:9)
  Grum (D:10)
  A hungry ghost (D:10)
  3 vampire mosquitoes (D:11)
  A sky beast (D:8)
  4 orc warriors
  19 ice beasts
  3 black bears
  2 slaves (D:7)
  A phantom (D:5)
  3 ogres
  4 wolves
  3 centaurs
  2 crocodiles (D:10)
  6 bullfrogs
  A wyvern skeleton (D:11)
  A scorpion (D:10)
  9 killer bees
  5 electric eels (D:10)
  2 howler monkeys (D:4)
  8 crimson imps
  3 hounds
  A quasit (D:11)
  6 jellies
  A bullfrog skeleton (D:11)
  3 orc priests
  5 orc wizards
  A centaur skeleton (D:9)
  2 iguanas
  8 worker ants
  A killer bee zombie (D:8)
  5 hound zombies
  A hound skeleton (D:7)
  Robin (D:3)
  16 gnolls
  10 adders
  3 white imps (D:11)
  An ooze (D:2)
  An adder skeleton (D:4)
  2 worms
  2 dart slugs
  5 leopard geckos
  34 orcs
  7 giant cockroaches
  13 goblins
  12 hobgoblins
  3 jackals
  3 kobolds
  2 quokkas
  A ball python (D:4)
  8 bats
  3 frilled lizards
  A jackal zombie (D:7)
  A quokka zombie (D:5)
  10 rats
291 creatures vanquished.

Vanquished Creatures (others)
  A plant (D:11)
1 creature vanquished.

Grand Total: 292 creatures vanquished

Notes
Turn   | Place    | Note
-------+----------+-------------------------------------------
     0 | D:1      | esteth the Gnoll Wizard began the quest for the Orb.
     0 | D:1      | Reached XP level 1. HP: 13/13 MP: 8/8
   119 | D:1      | Reached XP level 2. HP: 19/19 MP: 5/10
   693 | D:2      | Reached XP level 3. HP: 20/25 MP: 7/11
   805 | D:2      | Reached skill level 1 in Invocations
  1225 | D:2      | Reached skill level 1 in Fighting
  1225 | D:2      | Reached skill level 1 in Short Blades
  1225 | D:2      | Reached skill level 1 in Long Blades
  1225 | D:2      | Reached skill level 1 in Axes
  1225 | D:2      | Reached skill level 1 in Maces & Flails
  1225 | D:2      | Reached skill level 1 in Polearms
  1225 | D:2      | Reached skill level 1 in Staves
  1225 | D:2      | Reached skill level 1 in Slings
  1225 | D:2      | Reached skill level 1 in Bows
  1225 | D:2      | Reached skill level 1 in Crossbows
  1225 | D:2      | Reached skill level 1 in Throwing
  1225 | D:2      | Reached skill level 1 in Armour
  1225 | D:2      | Reached skill level 1 in Shields
  1225 | D:2      | Reached skill level 1 in Unarmed Combat
  1225 | D:2      | Reached skill level 1 in Evocations
  1225 | D:2      | Reached XP level 4. HP: 32/32 MP: 7/13
  1676 | D:3      | Noticed Robin
  1810 | D:3      | Killed Robin
  1810 | D:3      | Reached skill level 1 in Hexes
  1810 | D:3      | Reached skill level 1 in Charms
  1810 | D:3      | Reached skill level 1 in Necromancy
  1810 | D:3      | Reached skill level 1 in Transmutations
  1810 | D:3      | Reached skill level 1 in Fire Magic
  1810 | D:3      | Reached skill level 1 in Ice Magic
  1810 | D:3      | Reached skill level 1 in Air Magic
  1810 | D:3      | Reached skill level 1 in Earth Magic
  1810 | D:3      | Reached skill level 1 in Poison Magic
  2124 | D:3      | Learned a level 2 spell: Blink
  2127 | D:3      | Learned a level 2 spell: Call Imp
  2131 | D:3      | Learned a level 3 spell: Conjure Flame
  2135 | D:3      | Learned a level 3 spell: Mephitic Cloud
  2209 | D:3      | Reached XP level 5. HP: 37/37 MP: 4/14
  2769 | D:3      | Gained mutation: Your magical capacity is low. (-10% MP)
                  | [potion of mutation]
  2769 | D:3      | Gained mutation: You are weak. (Str -2) [potion of
                  | mutation]
  2769 | D:3      | Gained mutation: You can translocate small distances at
                  | will. [potion of mutation]
  3127 | D:3      | Reached XP level 6. HP: 44/44 MP: 12/14
  3432 | D:4      | Reached skill level 5 in Dodging
  3587 | D:4      | Found Vugaesuq's Magic Scroll Shop.
  3664 | D:4      | Found a staircase to the Ecumenical Temple.
  3685 | Temple   | Entered the Ecumenical Temple
  3836 | Temple   | Became a worshipper of Ashenzari the Shackled
  4209 | D:4      | Learned a level 3 spell: Dazzling Spray
  4276 | D:4      | Reached XP level 7. HP: 44/50 MP: 16/16
  4580 | D:5      | Entered Level 5 of the Dungeon
  4687 | D:5      | Lost mutation: Your magical capacity is low. (-10% MP)
                  | [potion of mutation]
  4687 | D:5      | Lost mutation: You are weak. (Str -2) [potion of mutation]
  4687 | D:5      | Gained mutation: Your flesh is heat resistant. (rF+)
                  | [potion of mutation]
  4687 | D:5      | Gained mutation: You expend magic power (3 MP) to
                  | strengthen your wands. [potion of mutation]
  4718 | D:5      | Learned a level 3 spell: Regeneration
  4726 | D:5      | Got the rapier "Muakk" {drain, Dex+2}
  4773 | D:5      | Identified the +8 rapier "Muakk" {drain, Dex+2} (You found
                  | it on level 5 of the Dungeon)
  4800 | D:5      | Found a bloodstained altar of Trog.
  5315 | D:6      | Reached skill level 5 in Stealth
  5448 | D:6      | Reached XP level 8. HP: 45/57 MP: 19/19
  5698 | D:6      | Found a sacrificial altar of Ru.
  5862 | D:6      | Identified the +4 war axe of Othobruss {chop, Str+4}
  6212 | D:7      | Reached skill level 8 in Spellcasting
  6329 | D:7      | Reached XP level 9. HP: 46/65 MP: 15/21
  6332 | D:7      | Reached * piety under Ashenzari
  6472 | D:7      | Noticed Pikel
  6759 | D:7      | Killed Pikel
  7670 | D:8      | Identified the +5 short sword of Victory {freeze, Dex+3
                  | Stlth+}
  7670 | D:8      | Noticed a tengu warrior
  7671 | D:8      | Noticed Borgoz's ghost (novice GrGl)
  7671 | D:8      | Noticed a moth of wrath
  7671 | D:8      | Identified the +7 spear of Oramne {antimagic, SInv}
  7681 | D:8      | Reached skill level 5 in Invocations
  7701 | D:8      | Noticed a two-headed ogre
  7705 | D:8      | Found a transporter.
  7819 | D:8      | Found a bloodstained altar of Trog.
  7896 | D:8      | Found a transporter.
  7920 | D:8      | Noticed a purple ugly thing
  7924 | D:8      | Killed a purple ugly thing
  7924 | D:8      | Reached XP level 10. HP: 73/73 MP: 18/22
  8292 | D:9      | Reached skill level 5 in Fighting
  8292 | D:9      | Reached skill level 5 in Short Blades
  8292 | D:9      | Reached skill level 5 in Long Blades
  8292 | D:9      | Reached skill level 5 in Axes
  8292 | D:9      | Reached skill level 5 in Maces & Flails
  8292 | D:9      | Reached skill level 5 in Polearms
  8292 | D:9      | Reached skill level 5 in Staves
  8292 | D:9      | Reached skill level 5 in Slings
  8292 | D:9      | Reached skill level 5 in Bows
  8292 | D:9      | Reached skill level 5 in Crossbows
  8292 | D:9      | Reached skill level 5 in Throwing
  8292 | D:9      | Reached skill level 5 in Armour
  8292 | D:9      | Reached skill level 5 in Shields
  8292 | D:9      | Reached skill level 5 in Unarmed Combat
  8292 | D:9      | Reached skill level 5 in Evocations
  8760 | D:9      | Reached skill level 9 in Spellcasting
  8949 | D:9      | Found a glowing golden altar of the Shining One.
  8969 | D:9      | Reached skill level 5 in Conjurations
  8969 | D:9      | Reached skill level 5 in Summonings
  8969 | D:9      | Reached skill level 5 in Translocations
  9135 | D:10     | Entered Level 10 of the Dungeon
  9757 | D:10     | Reached XP level 11. HP: 43/81 MP: 18/24
 10213 | D:10     | Noticed Maurice
 10233 | D:10     | Killed Maurice
 11148 | D:10     | Noticed Grum
 11173 | D:10     | Killed Grum
 11742 | D:10     | Reached ** piety under Ashenzari
 11844 | D:10     | Noticed Psyche
 11849 | D:10     | Killed Psyche
 11979 | D:10     | Reached skill level 5 in Hexes
 11979 | D:10     | Reached skill level 5 in Charms
 11979 | D:10     | Reached skill level 5 in Necromancy
 11979 | D:10     | Reached skill level 5 in Transmutations
 11979 | D:10     | Reached skill level 5 in Fire Magic
 11979 | D:10     | Reached skill level 5 in Ice Magic
 11979 | D:10     | Reached skill level 5 in Air Magic
 11979 | D:10     | Reached skill level 5 in Earth Magic
 11979 | D:10     | Reached skill level 5 in Poison Magic
 12057 | D:11     | Found a staircase to the Orcish Mines.
 12057 | D:11     | Found a frozen archway.
 12228 | IceCv    | Entered an ice cave
 12228 | IceCv    | Noticed a white ugly thing
 12231 | IceCv    | Killed a white ugly thing
 12452 | IceCv    | Found a transporter.
 12470 | IceCv    | Noticed a white ugly thing
 12667 | D:11     | Noticed a manticore
 12688 | D:11     | Killed a manticore
 13602 | D:11     | Noticed Sonja
 13613 | D:11     | Found a staircase to the Lair.
 13620 | D:11     | Killed Sonja
 14021 | D:11     | Found Xourobig's Distillery.
 14038 | D:11     | Reached XP level 12. HP: 82/89 MP: 18/25
 14335 | D:11     | Found a shadowy altar of Dithmenos.
 14509 | Lair:1   | Entered Level 1 of the Lair of Beasts
 14917 | Lair:1   | Noticed Gastronok
 14936 | Lair:1   | Slain by Gastronok

Skill      XL: |  1  2  3  4  5  6  7  8  9 10 11 |
---------------+----------------------------------+-----
Conjurations   | 2 3 4 5 6 |  6.1
Summonings     | 2 3 4 5 6 |  6.1
Translocations | 2 3 4 5 6 |  6.1
Invocations    | 1 2 3 4 5 6 7 |  7.5
Fighting       | 1 2 3 4 5 6 |  6.9
Short Blades   | 1 2 3 4 5 6 |  6.9
Long Blades    | 1 2 3 4 5 6 |  6.9
Axes           | 1 2 3 4 5 6 |  6.9
Maces & Flails | 1 2 3 4 5 6 |  6.9
Polearms       | 1 2 3 4 5 6 |  6.9
Staves         | 1 2 3 4 5 6 |  6.9
Slings         | 1 2 3 4 5 6 |  6.9
Bows           | 1 2 3 4 5 6 |  6.9
Crossbows      | 1 2 3 4 5 6 |  6.9
Throwing       | 1 2 3 4 5 6 |  6.9
Armour         | 1 2 3 4 5 6 |  6.9
Shields        | 1 2 3 4 5 6 |  6.9
Unarmed Combat | 1 2 3 4 5 6 |  6.9
Evocations     | 1 2 3 4 5 6 |  6.9
Hexes          | 1 2 3 4 5 |  5.7
Charms         | 1 2 3 4 5 |  5.7
Necromancy     | 1 2 3 4 5 |  5.7
Transmutations | 1 2 3 4 5 |  5.7
Fire Magic     | 1 2 3 4 5 |  5.7
Ice Magic      | 1 2 3 4 5 |  5.7
Air Magic      | 1 2 3 4 5 |  5.7
Earth Magic    | 1 2 3 4 5 |  5.7
Poison Magic   | 1 2 3 4 5 |  5.7
Dodging        | 5 6 7 8 |  8.3
Stealth        | 5 6 7 8 |  8.1
Spellcasting   | 8 9 |  9.9

Action                   |  1- 3 |  4- 6 |  7- 9 | 10-12 || total
-------------------------+-------+-------+-------+-------++-------
Melee: Club              |     7 |     2 |       |       ||     9
       Dagger            |       |   101 |     8 |       ||   109
       Bite              |       |     9 |    12 |    35 ||    56
       Punch             |       |     1 |     1 |     9 ||    11
       Rapier            |       |       |   169 |   303 ||   472
 Cast: Magic Dart        |    66 |   135 |    19 |    30 ||   250
       Mephitic Cloud    |       |     5 |     7 |    15 ||    27
       Dazzling Spray    |       |       |    19 |    51 ||    70
       Regeneration      |       |       |       |     1 ||     1
Invok: Curse Item        |       |       |       |     3 ||     3
Evoke: Wand              |       |       |     1 |    14 ||    15
  Use: Potion            |       |     6 |     3 |     7 ||    16
       Scroll            |       |       |       |     2 ||     2
 Stab: Sleeping          |       |     1 |    12 |    23 ||    36
       Confused          |       |     3 |     4 |     5 ||    12
       Invisible         |       |       |     8 |    12 ||    20
       Paralysed         |       |       |     1 |     3 ||     4
       Distracted        |       |       |     1 |     2 ||     3
  Eat: Chunk             |     1 |     8 |     9 |    10 ||    28
       Ration            |       |       |     1 |     5 ||     6
Armor: Robe              |       |    12 |    25 |    38 ||    75
       Skin              |       |       |     1 |       ||     1
Dodge: Dodged            |    12 |    68 |   152 |   292 ||   524
